 Dungeon Crawl Stone Soup version 0.29.1-12-g30fa7ad0bf (webtiles) character file.

Game seed: 4209712318290463366

39993 DemonSlayer the Thaumaturge (level 13, -13/85 HPs)
             Began as a Demonspawn Earth Elementalist on Dec 26, 2022.
             Was the Champion of Cheibriados.
             Killed from afar by a fire dragon (46 damage)
             ... with a blast of flame
             ... on level 4 of the Lair of Beasts.
             The game lasted 00:46:54 (19449 turns).

DemonSlayer the Thaumaturge (DsEE)                 Turns: 19449, Time: 00:46:54

Health: -13/85     AC: 10    Str: 25    XL:     13   Next: 72%
Magic:  31/31      EV: 23    Int: 35    God:    Cheibriados [******]
Gold:   1089       SH:  2    Dex: 29    Spells: 17/40 levels left

rFire   . . .      SeeInvis +   k - +5 dagger (vorpal)
rCold   . . .      Faith    .   (no shield)
rNeg    . . .      Spirit   .   y - +0 troll leather armour
rPois   .          Reflect  .   (helmet unavailable)
rElec   .          Harm     .   F - +0 cloak
rCorr   .          Rampage  .   I - +0 pair of gloves
Will    .....                   (no boots)
Stlth   +++.......              C - amulet of magic regeneration
HPRegen 1.04/turn               e - +4 ring of evasion
MPRegen 0.62/turn               c - ring of the Octopus King {Fly HP+2 AC+2 EV+2 SH+2}

@: flying, very slow
A: antennae 3, yellow scales 1, ignite blood 1, powered by pain 2, corrupting
presence 1
a: Renounce Religion, Bend Time, Temporal Distortion, Slouch, Step From Time


You were on level 4 of the Lair of Beasts.
You worshipped Cheibriados.
Cheibriados was exalted by your worship.
You visited 3 branches of the dungeon, and saw 17 of its levels.

You collected 1089 gold pieces.

Inventory:

Hand Weapons
 k - a +5 vorpal dagger (weapon)
Armour
 f - a +2 ring mail of fire resistance
 y - a +0 troll leather armour (worn)
 F - a +0 cloak (worn)
 I - a +0 pair of gloves (worn)
Jewellery
 c - a ring of the Octopus King (right hand) {Fly HP+2 AC+2 EV+2 SH+2}
   (You found it on level 3 of the Lair of Beasts)

   [ring of flight]

   AC:        It affects your AC (+2).
   EV:        It affects your evasion (+2).
   HP:        It affects your health (+2).
   Fly:       It grants you flight.
   SH:        It affects your SH (+2).
 e - a +4 ring of evasion (left hand)
 l - a ring of positive energy
 s - a ring of fire
 u - a ring of willpower
 A - a ring of ice
 C - an amulet of magic regeneration (around neck)
 E - a ring of fire
Wands
 a - a wand of paralysis (1)
 v - a wand of iceblast (4)
Scrolls
 b - a scroll of enchant armour
 g - a scroll of butterflies
 m - 3 scrolls of amnesia
 o - a scroll of torment {unknown}
 p - 4 scrolls of immolation
 r - a scroll of brand weapon
 G - 3 scrolls of teleportation
 J - 2 scrolls of magic mapping
Potions
 d - 4 potions of mutation
 h - 2 potions of haste {unknown}
 i - 6 potions of curing
 j - a potion of ambrosia {unknown}
 n - a potion of might
 t - 2 potions of flight {unknown}
 w - 4 potions of heal wounds
 x - a potion of brilliance {unknown}
 z - a potion of resistance
 B - 5 potions of attraction {unknown}
 D - 2 potions of cancellation {unknown}
 H - a potion of berserk rage {unknown}
 K - a potion of lignification {unknown}
 L - 2 potions of invisibility {unknown}


   Skills:
 + Level 1.6 Fighting
 + Level 1.2 Short Blades
 + Level 0.3 Throwing
 + Level 3.1 Armour
 + Level 5.3 Dodging
 + Level 4.6 Stealth
 + Level 1.1 Shields
 + Level 14.1 Spellcasting
 + Level 10.2 Conjurations
 + Level 0.8 Transmutations
 + Level 1.0 Fire Magic
 + Level 12.2 Earth Magic
 + Level 2.3 Evocations


You had 17 spell levels left.
You knew the following spells:

 Your Spells              Type           Power      Damage    Failure   Level
a - Sandblast             Erth           100%       2d20      0%          1
b - Passwall              Tmut/Erth      52%        N/A       1%          2
c - Stone Arrow           Conj/Erth      100%       3d13      1%          3
d - Petrify               Tmut/Erth      63%        N/A       1%          4
e - Teleport Other        Tloc           24%        N/A       5%          3
f - Sticky Flame          Conj/Fire      59%        2d7       1%          4
g - Ignite Poison         Fire/Tmut/Pois 29%        N/A       4%          3
h - Conjure Flame         Conj/Fire      59%        6-21      1%          3

Your spell library contained the following spells:

 Spells                   Type           Power      Damage    Failure   Level
 Beastly Appendage        Tmut           60%        N/A       1%          1
 Wereblood                Tmut           30%        N/A       1%          2
 Spider Form              Tmut/Pois      27%        N/A       4%          3
 Gell's Gravitas          Tloc           24%        N/A       5%          3
 Lesser Beckoning         Tloc           24%        N/A       5%          3


Dungeon Overview and Level Annotations

Branches:
Dungeon (12/15)            Temple (1/1) D:7            Lair (4/5) D:10
  Swamp (0/4) Lair:3        Snake (0/4) Lair:3        Slime (0/5) Lair:4
    Orc (0/2) D:11

Altars:
Ashenzari
Cheibriados
Dithmenos
Fedhas
Gozag
Hepliaklqana
Kikubaaqudgha
Makhleb
Nemelex Xobeh
Okawaru
Qazlal
Ru
Sif Muna
Trog
Uskayaw
Vehumet
Wu Jian
Xom
Yredelemnul

Shops:
D:2 *   D:8 =

Annotations:
D:3 Terence
Lair:3 exclusion: oklob plant


Innate Abilities, Weirdness & Mutations

You have a pair of large antennae on your head. (SInv)
You are partially covered in yellow scales. (AC +2)
Your demonic aura sometimes causes spilled blood to erupt in flames.
You sometimes gain power by taking damage.
Your presence sometimes corrodes those you injure.


Message History

A rime drake is nearby!
A rime drake is nearby!
A rime drake is nearby!
A rime drake is nearby!
You can't see any susceptible monsters within range! (Use Z to cast anyway.)
You can't see any susceptible monsters within range! (Use Z to cast anyway.)
You can't see any susceptible monsters within range! (Use Z to cast anyway.)
You can't see any susceptible monsters within range! (Use Z to cast anyway.)
You can't see any susceptible monsters within range! (Use Z to cast anyway.)
You can't see any susceptible monsters within range! (Use Z to cast anyway.)
You can't see any susceptible monsters within range! (Use Z to cast anyway.)
You can't see any susceptible monsters within range! (Use Z to cast anyway.)
The rime drake hisses angrily.
The stone arrow hits the rime drake!
The rime drake is heavily wounded.
The stone arrow hits the rime drake!!
You kill the rime drake!
Cheibriados thoroughly appreciates the change of pace.
No target in view!
No target in view!
o - a scroll labelled ZOFEIROCISY
Found a stone staircase leading down.
You sense a monster nearby.
A fire dragon comes into view.
The mass of ice explodes!
The iceblast engulfs the fire dragon!
The fire dragon is frozen!
The fire dragon is lightly wounded.
The fire dragon roars deafeningly!
The stone arrow hits the fire dragon!!
The fire dragon is moderately wounded.
The stone arrow hits the fire dragon!
The fire dragon is heavily wounded.
The fire dragon breathes flames at you. The blast of flame hits you!!!
Ouch! That really hurt!
You focus on the pain.
You feel your power returning. The fire dragon breathes flames at you.
The blast of flame hits you!!!
Ouch! That really hurt!
You die...

#.###.# ###...### #..#..#
###P.#..## #..##.#####........#
### #.##P....###..##.#.# #.#####
##..#....†.......>..# ....#.#
#...##.#............# #..#.###
##.######.###.##....## #.###..#
#..####.#####.....#..#
.#.###.####...##@.............##
#.#.#.##.#.#.#.#..####...#....P#
##.............D......#...#....#
#P...P##.......##...##.#.....##
###...##.###..##.##...>.......P#
..............#####...#........#
.##..>#..###..# #.#######.####
####.##### #..#####.# ###
......## ##...{>..#


You could see a fire dragon (catching breath).

Vanquished Creatures
  3 hydras
  Harold (Lair:2)
  2 boulder beetles
  3 two-headed ogres
  A catoblepas (Lair:3)
  A centaur warrior (D:11)
  A lindwurm (Lair:4)
  A deep elf pyromancer (D:12)
  18 elephants
  3 black mambas (Lair:4)
  8 cane toads
  2 gargoyles
  9 komodo dragons
  10 rime drakes
  2 trolls
  2 hornets
  13 blink frogs
  10 slime creatures
  A tyrant leech (Lair:3)
  3 wraiths
  6 yaks
  5 basilisks
  3 wyverns
  2 wargs (D:11)
  8 steam dragons
  11 vampire mosquitoes
  3 swamp worms (Lair:3)
  8 water moccasins
  2 sky beasts (D:8)
  An orc warrior (D:9)
  4 ice beasts
  4 black bears
  9 wolves
  An ogre (D:6)
  2 centaurs
  A phantom (D:4)
  15 bullfrogs
  2 kobold brigands
  2 gnoll sergeants (D:9)
  7 scorpions
  8 wights
  14 killer bees
  6 howler monkeys
  2 hounds
  11 orc priests
  2 gnoll boudas (D:7)
  7 hell rats (Lair:2)
  4 iguanas
  10 orc wizards
  Robin (D:2)
  6 adders
  17 gnolls
  A shadow imp (D:7)
  A white imp (D:6)
  2 ufetubi (D:6)
  2 worms (D:2)
  4 dart slugs
  39 orcs
  6 endoplasms
  2 giant cockroaches
  16 goblins
  7 hobgoblins
  5 jackals
  7 kobolds
  7 quokkas
  2 ball pythons
  4 bats
  7 frilled lizards
  3 rats
393 creatures vanquished.

Vanquished Creatures (others)
  26 fungi
  30 plants
56 creatures vanquished.

Grand Total: 449 creatures vanquished

Notes
Turn   | Place    | Note
-------+----------+-------------------------------------------
     0 | D:1      | DemonSlayer the Demonspawn Earth Elementalist began the
                  | quest for the Orb.
     0 | D:1      | Reached XP level 1. HP: 13/13 MP: 3/3
   195 | D:1      | Found a faded altar of an unknown god.
   246 | D:1      | Gained mutation: You have a pair of small antennae on your
                  | head. [demonic ancestry]
   246 | D:1      | Reached XP level 2. HP: 19/19 MP: 1/5
   999 | D:1      | Learned a level 2 spell: Passwall
  1024 | D:2      | Noticed Robin
  1584 | D:2      | Gained mutation: You sometimes gain a little power by
                  | taking damage. [demonic ancestry]
  1584 | D:2      | Reached XP level 3. HP: 24/24 MP: 3/6
  1644 | D:2      | Killed Robin
  1836 | D:2      | Reached XP level 4. HP: 30/30 MP: 2/8
  2103 | D:2      | Found Loyni's General Store.
  2337 | D:2      | Reached skill level 3 in Spellcasting
  2430 | D:2      | Learned a level 3 spell: Stone Arrow
  2517 | D:3      | Noticed Terence
  3162 | D:4      | Gained mutation: Your demonic aura sometimes causes spilled
                  | blood to erupt in flames. [demonic ancestry]
  3162 | D:4      | Reached XP level 5. HP: 35/35 MP: 5/9
  3299 | D:4      | Noticed a phantom
  3307 | D:4      | Killed a phantom
  3610 | D:4      | Reached XP level 6. HP: 35/41 MP: 7/11
  3702 | D:4      | Reached skill level 4 in Spellcasting
  3968 | D:4      | Learned a level 4 spell: Petrify
  4010 | D:5      | Entered Level 5 of the Dungeon
  4059 | D:5      | Noticed an ice beast
  4192 | D:5      | Reached skill level 5 in Earth Magic
  4318 | D:5      | Killed an ice beast
  4571 | D:5      | Gained mutation: You have a pair of antennae on your head.
                  | [demonic ancestry]
  4571 | D:5      | Reached XP level 7. HP: 33/46 MP: 7/14
  4604 | D:5      | Reached skill level 5 in Spellcasting
  5418 | D:5      | Learned a level 3 spell: Teleport Other
  5621 | D:6      | Reached XP level 8. HP: 47/53 MP: 10/16
  5654 | D:6      | Reached skill level 6 in Spellcasting
  5990 | D:6      | Noticed a two-headed ogre
  6006 | D:6      | Killed a two-headed ogre
  6007 | D:6      | Reached skill level 7 in Spellcasting
  6073 | D:6      | Reached XP level 9. HP: 58/58 MP: 17/20
  6370 | D:6      | Reached skill level 8 in Spellcasting
  6863 | D:7      | Found a staircase to the Ecumenical Temple.
  7019 | D:7      | Found a sacrificial altar of Ru.
  7837 | Temple   | Entered the Ecumenical Temple
  7951 | D:8      | Reached skill level 9 in Spellcasting
  8515 | D:8      | Found Uriaf's Jewellery Boutique.
  8551 | D:8      | Reached skill level 1 in Conjurations
  9031 | D:8      | Gained mutation: You have a pair of large antennae on your
                  | head. (SInv) [demonic ancestry]
  9031 | D:8      | Reached XP level 10. HP: 64/64 MP: 8/23
  9130 | D:8      | Found a shadowy altar of Dithmenos.
 10192 | D:9      | Found a snail-covered altar of Cheibriados.
 10202 | D:9      | Became a worshipper of Cheibriados the Contemplative
 10208 | D:9      | Learned a level 4 spell: Sticky Flame
 10212 | D:9      | Learned a level 3 spell: Ignite Poison
 10216 | D:9      | Learned a level 3 spell: Conjure Flame
 10267 | D:9      | Reached skill level 10 in Spellcasting
 10581 | D:10     | Entered Level 10 of the Dungeon
 10652 | D:10     | Found a staircase to the Lair.
 10652 | D:10     | Noticed an elephant
 10697 | D:10     | Reached skill level 5 in Conjurations
 10981 | D:10     | Killed an elephant
 11111 | D:10     | Reached * piety under Cheibriados
 11112 | D:10     | Gained mutation: You sometimes gain power by taking damage.
                  | [demonic ancestry]
 11112 | D:10     | Reached XP level 11. HP: 69/69 MP: 21/25
 11365 | Lair:1   | Entered Level 1 of the Lair of Beasts
 11567 | Lair:1   | Reached skill level 11 in Spellcasting
 11778 | Lair:1   | Reached skill level 10 in Earth Magic
 12316 | Lair:1   | Noticed a boulder beetle
 12709 | Lair:1   | Reached ** piety under Cheibriados
 12891 | D:11     | Noticed a two-headed ogre
 12895 | D:11     | Noticed a centaur warrior
 12897 | D:11     | Killed a two-headed ogre
 12905 | D:11     | Killed a centaur warrior
 12906 | D:11     | Reached skill level 1 in Evocations
 13360 | D:11     | Reached skill level 12 in Spellcasting
 13738 | D:11     | Identified the +8 whip of Ash {freeze, *Noise rPois Str+8
                  | Stlth-}
 13748 | D:11     | Found a staircase to the Orcish Mines.
 14005 | D:11     | Reached *** piety under Cheibriados
 14042 | D:11     | Reached skill level 1 in Fighting
 14514 | D:12     | Gained mutation: You are partially covered in yellow
                  | scales. (AC +2) [demonic ancestry]
 14514 | D:12     | Reached XP level 12. HP: 76/76 MP: 18/28
 14527 | D:12     | Reached skill level 1 in Armour
 15096 | D:12     | Noticed a two-headed ogre
 15102 | D:12     | Killed a two-headed ogre
 15178 | D:12     | Noticed a four-headed hydra
 15183 | D:12     | Killed a four-headed hydra
 15998 | Lair:1   | Reached **** piety under Cheibriados
 16384 | Lair:1   | You fall into a shaft and drop 1 floor!
 16573 | Lair:2   | Noticed Harold
 16575 | Lair:2   | Reached ***** piety under Cheibriados
 16602 | Lair:2   | Reached skill level 13 in Spellcasting
 16621 | Lair:2   | Killed Harold
 16819 | Lair:2   | Noticed a boulder beetle
 16837 | Lair:2   | Killed a boulder beetle
 17176 | Lair:1   | Killed a boulder beetle
 17359 | Lair:3   | Noticed a catoblepas
 17380 | Lair:3   | Killed a catoblepas
 17424 | Lair:3   | Found a staircase to the Snake Pit.
 17531 | Lair:3   | Noticed a five-headed hydra
 17533 | Lair:3   | Found the ring of the Octopus King
 17540 | Lair:3   | Killed a five-headed hydra
 17641 | Lair:3   | Noticed a six-headed hydra
 17648 | Lair:3   | Killed a six-headed hydra
 17649 | Lair:3   | Gained mutation: Your presence sometimes corrodes those you
                  | injure. [demonic ancestry]
 17649 | Lair:3   | Reached XP level 13. HP: 38/82 MP: 10/30
 17699 | Lair:3   | Identified a ring of the Octopus King {Fly HP+2 AC+2 EV+2
                  | SH+2}
 17712 | Lair:3   | Found a staircase to the Swamp.
 17771 | Lair:3   | Reached skill level 1 in Fire Magic
 18310 | Lair:4   | Identified the +4 glaive of Slow Death {speed, *Corrode
                  | Str+9}
 18567 | Lair:4   | Reached skill level 5 in Dodging
 18659 | Lair:4   | Reached skill level 1 in Short Blades
 18759 | Lair:4   | Reached ****** piety under Cheibriados
 18908 | Lair:4   | Reached skill level 10 in Conjurations
 18912 | Lair:4   | Reached skill level 1 in Shields
 18976 | Lair:4   | Found a staircase to the Slime Pits.
 19067 | Lair:4   | Reached skill level 14 in Spellcasting
 19444 | Lair:4   | Noticed a fire dragon
 19449 | Lair:4   | Killed from afar by a fire dragon

Illustrated notes

Levels and vault maps discovered:
D:1:      evilmike_arrival_crescent, layout_basic, ebering_ecumenical_altar_mist
D:2:      layout_rooms, serial_shops, shop, kennysheep_generic_room_10,
          uniq_robin
D:3:      layout_basic, uniq_jessica, uniq_terence, uniq_sigmund
D:4:      layout_gridville
D:5:      layout_loops_corners, lightli_ossuary_entry_decrepit_ruins
D:6:      layout_cave_pools, serial_column_ruins, column_ruins_open_tiny_water,
          column_ruins_columns_straight, column_ruins_open_medium,
          column_ruins_columns_straight, column_ruins_open_medium,
          column_ruins_open_small, minmay_crossroads
D:7:      layout_loops_cross, mainiacjoe_overflow_small_starburst,
          minmay_temple_entry_drinking_statues
D:8:      layout_basic, nicolae_dithmenos_the_darkroom, serial_shops, shop,
          due_unseen_surprise
D:9:      layout_roguey, cheibriados_altar_1
D:10:     layout_roguey, david_lair_generic
D:11:     layout_roguey, erik_orc_4, gauntlet_entry_generic
D:12:     layout_basic
Temple:   hellmonk_temple_of_storms
Lair:1:   layout_cave_pods, beast_lair_carwin_4, grunt_megastairs_3
Lair:2:   layout_misc_corridors, grunt_megastairs_2, uniq_harold
Lair:3:   layout_hall_layers, palyth_hydra_swamp_entry, dummy_snake_entry
Lair:4:   layout_loops_ring, slime_entry_1, bobbens_dragon_lair_wall

Skill      XL: |  1  2  3  4  5  6  7  8  9 10 11 12 13 |
---------------+----------------------------------------+-----
Dodging        | 2 3 4 5 |  5.3
Earth Magic    | 3 4 5 6 7 8 9 10 11 12 | 12.2
Stealth        | 2 3 4 |  4.6
Spellcasting   | 3 4 5 7 9 10 12 13 14 | 14.1
Conjurations   | 2 5 7 9 10 | 10.2
Evocations     | 1 2 |  2.3
Fighting       | 1 |  1.6
Armour         | 2 3 |  3.1
Fire Magic     | 1 |  1.0
Short Blades   | 1 |  1.2
Shields        | 1 |  1.1
Throwing       | |  0.3
Transmutations | |  0.8

Action                   |  1- 3 |  4- 6 |  7- 9 | 10-12 | 13-15 || total
-------------------------+-------+-------+-------+-------+-------++-------
Melee: Unarmed           |    10 |       |       |       |       ||    10
       Dagger            |    38 |    12 |    10 |    14 |    29 ||   103
Throw: Throwing net      |       |       |       |     4 |       ||     4
 Cast: Sandblast         |    44 |   101 |   154 |       |       ||   299
       Stone Arrow       |       |       |    32 |   381 |   142 ||   555
       Sticky Flame      |       |       |       |    20 |       ||    20
Evoke: Wand              |       |       |     3 |    15 |     1 ||    19
  Use: Scroll            |       |     6 |     5 |    20 |     3 ||    34
       Potion            |       |       |     2 |    10 |       ||    12
 Stab: Sleeping          |     2 |       |       |       |       ||     2
Armor: Robe              |     3 |     6 |    11 |     2 |       ||    22
       Steam dragon scal |       |       |       |     4 |       ||     4
       Troll leather arm |       |       |       |    12 |    34 ||    46
Dodge: Dodged            |    50 |    67 |   146 |   218 |   146 ||   627
Block: Other             |       |       |       |       |     8 ||     8
